AoeStats
← 35955419

QS Arena

503568670Analyzed
4v4 RM · 1mo ago on Sep 1, 2026· 43m 7s· 8 players
Game mode
Random Map
Map size
Large (8 player)
Population
200
Speed
Normal
Resources
Standard
Victory
Conquest
Starting age
Dark Age
Ending age
Imperial Age
RankedLock teamsTeams togetherTeam positionsShared explorationLock speedFull tech treeHidden civsTurbo modeCheats
Victory
Defeat
🇨🇳 Tupi · China
556
+22
🇨🇳 Teutons · China
527
+23
🇨🇳 Huns · China
472
+25
🇨🇳 Chinese · China
379
+28
🇭🇰 Britons · Hong Kong SAR China
824
-28
🇬🇧 Celts · United Kingdom
738
-26
🇹🇷 Teutons · Türkiye
705
-25
🇳🇱 Goths · Netherlands
542
-19
信仰之秀
9:17 Feudal Age
8:54 Loom
9:52 Double-Bit Axe
13:42 Castle Age
13:08 Horse Collar
13:26 Stone Mining
15:21 Bow Saw
20:47 Wheelbarrow
20:51 Gold Mining
22:33 Heavy Plow
23:11 Gold Shaft Mining
25:01 Hand Cart
25:16 Thumb Ring
25:05 Fletching
25:15 Padded Archer Armor
25:22 Scale Barding Armor
27:21 Leather Archer Armor
27:02 Bodkin Arrow
27:28 Chain Barding Armor
27:18 Forging
29:00 Ballistics
28:51 Masonry
30:07 Husbandry
30:18 Bloodlines
32:45 Marauders
35:40 Imperial Age
37:42 Two-Man Saw
37:23 Parthian Tactics
36:19 Heavy Cavalry Archer
37:05 Bracer
37:41 Plate Barding Armor
37:41 Iron Casting
37:34 Conscription
38:31 Elite Tarkan
掰开腿饮水
9:39 Feudal Age
15:08 Castle Age
16:28 Wheelbarrow
33:03 Double-Bit Axe
34:44 Hand Cart
35:13 Gold Mining
41:14 Imperial Age
41:17 Town Watch
43:34 Caravan
Elite Savage
0:32 Loom
8:36 Feudal Age
12:23 Castle Age
10:17 Double-Bit Axe
10:21 Horse Collar
13:46 Wheelbarrow
13:22 Bow Saw
13:13 Heavy Plow
21:21 Hand Cart
25:29 Imperial Age
23:32 Forging
23:41 Gold Mining
25:11 Iron Casting
25:16 Gold Shaft Mining
25:30 Capped Ram
25:32 Cavalier
26:13 Husbandry
26:23 Bloodlines
26:20 Scale Barding Armor
27:23 Two-Man Saw
27:34 Blast Furnace
26:38 Town Watch
26:59 Siege Ram
29:00 Chain Barding Armor
30:29 Conscription
31:11 Plate Barding Armor
31:39 Fletching
31:45 Stone Mining
33:37 Stone Shaft Mining
32:59 Bodkin Arrow
33:25 Ballistics
34:05 Chemistry
34:01 Bracer
33:32 Elite Chu Ko Nu
35:12 Padded Archer Armor
35:40 Thumb Ring
36:09 Leather Archer Armor
36:31 Masonry
39:24 Ring Archer Armor
35955419
3:50 Loom
10:07 Feudal Age
10:43 Double-Bit Axe
10:43 Horse Collar
11:20 Gold Mining
13:57 Stone Mining
18:16 Castle Age
19:22 Heavy Plow
19:47 Bow Saw
20:44 Fletching
22:16 Wheelbarrow
21:56 Bodkin Arrow
23:06 Gold Shaft Mining
25:20 Coinage
26:22 Padded Archer Armor
27:10 Hand Cart
29:02 Loom
30:24 Leather Archer Armor
34:11 Imperial Age
32:16 Town Watch
33:48 Caravan
34:22 Treadmill Crane
34:38 Murder Holes
35:28 Banking
36:10 Ring Archer Armor
35:40 Bracer
36:05 Ballistics
35:07 Elite Blackwood Archer
36:46 Conscription
37:56 Town Patrol
38:08 Forging
39:03 Chemistry
40:12 Two-Man Saw
40:16 Arrowslits
41:56 Curare
41:46 Spies/Treason
jacob.calland
3:47 Loom
9:02 Feudal Age
10:59 Loom
13:43 Castle Age
11:59 Double-Bit Axe
12:19 Horse Collar
27:31 Heavy Plow
27:43 Bow Saw
31:48 Forging
31:39 Scale Mail Armor
31:03 Pikeman
31:30 Arson
35:36 Imperial Age
36:10 Iron Casting
35:51 Chain Mail Armor
35:41 Scale Barding Armor
35:49 Halberdier
38:30 Plate Mail Armor
39:00 Blast Furnace
38:13 Capped Ram
39:26 Siege Ram
yanbb0916
9:20 Feudal Age
11:06 Double-Bit Axe
11:29 Horse Collar
17:13 Castle Age
19:07 Heavy Plow
19:37 Bow Saw
20:48 Wheelbarrow
20:31 Gold Mining
20:33 Stone Mining
22:03 Gold Shaft Mining
22:18 Hand Cart
21:50 Loom
28:14 Imperial Age
25:34 Town Watch
26:16 Treadmill Crane
26:57 Ballistics
26:48 Masonry
27:56 Fletching
28:06 Padded Archer Armor
28:42 Bodkin Arrow
29:03 Town Patrol
28:46 Pikeman
29:30 Squires
29:16 Arson
31:44 Forging
31:34 Scale Mail Armor
33:12 Iron Casting
34:25 Halberdier
36:08 Blast Furnace
35:23 Chain Mail Armor
Darkrio
10:32 Feudal Age
12:17 Wheelbarrow
14:03 Horse Collar
16:00 Loom
19:18 Castle Age
25:40 Anarchy
26:03 Caravan
26:35 Squires
26:41 Scale Mail Armor
26:51 Forging
31:52 Chain Mail Armor
Dovahkiin
1:35 Loom
9:22 Feudal Age
10:36 Horse Collar
10:45 Double-Bit Axe
16:19 Castle Age
14:47 Gold Mining
15:44 Stone Mining
16:07 Forging
16:44 Scale Mail Armor
17:58 Bow Saw
18:42 Heavy Plow
27:14 Fortified Wall
30:56 Imperial Age
28:27 Town Watch
30:12 Iron Casting
29:52 Chain Mail Armor
29:06 Pikeman
31:11 Squires
31:00 Gambesons
32:24 Wheelbarrow
31:51 Town Patrol
31:55 Halberdier
Connection lost

Rejoining the realm…

Still unreachable

The connection could not be restored.

Session expired

The server has moved on; the page needs a fresh start.